 Dungeon Crawl Stone Soup version 0.26-a0-639-g72c4674329 (webtiles) character file.

Game seed: 15064835304561931936

196 isidore the Chopper (level 5, -16/70 HPs)
             Began as a Minotaur Berserker on Sept 28, 2020.
             Was a Believer of Trog.
             Demolished by an ogre
             ... wielding a +0 giant club
              (24 damage)
             ... on level 4 of the Dungeon.
             The game lasted 00:11:52 (3091 turns).

isidore the Chopper (Minotaur Berserker)            Turns: 3091, Time: 00:11:53

Health: -16/70     AC:  9    Str: 22    XL:     5   Next: 46%
Magic:  4/4        EV:  9    Int:  5    God:    Trog [**....]
Gold:   152        SH:  0    Dex:  9    Spells: 4/4 levels left

rFire    . . .     SeeInvis .   a - +0 hand axe
rCold    . . .     Faith    .   (no shield)
rNeg     . . .     Spirit   .   d - +0 chain mail
rPois    .         Reflect  .   (helmet restricted)
rElec    .         Harm     .   (no cloak)
rCorr    .         Rampage  .   (no gloves)
MR       .....                  (no boots)
Stlth    ..........             (no amulet)
HPRegen  0.21/turn              (no ring)
MPRegen  0.09/turn              (no ring)

@: berserking, very quick
A: retaliatory headbutt, horns 2
a: Berserk, Trog's Hand, Renounce Religion


You were on level 4 of the Dungeon.
You worshipped Trog.
Trog was pleased with you.
You visited 1 branch of the dungeon, and saw 4 of its levels.

You collected 152 gold pieces.

Inventory:

Hand Weapons
 a - a +0 hand axe (weapon)
Armour
 b - a +0 animal skin
 d - a +0 chain mail (worn)
 i - a +0 pair of gloves
 k - a +0 pair of boots
Jewellery
 e - an uncursed ring of stealth {unknown}
 l - an uncursed ring of fire {unknown}
 m - an uncursed ring of resist corrosion {unknown}
 n - an uncursed amulet of reflection {unknown}
Scrolls
 c - a scroll of immolation
 j - a scroll of enchant armour {unknown}
 o - a scroll of identify
 q - a scroll of enchant weapon {unknown}
 r - a scroll of noise {unknown}
 s - 2 scrolls of teleportation {unknown}
Potions
 f - 2 potions of magic {unknown}
 g - 2 potions of flight {unknown}
 h - a potion of lignification {unknown}
 p - a potion of might {unknown}
 t - a potion of stabbing {unknown}


   Skills:
 + Level 4.8 Fighting
 + Level 5.6 Axes
 + Level 3.7 Armour
 + Level 2.7 Dodging
 + Level 0.6 Stealth


You had 4 spell levels left.
You didn't know any spells.
Your spell library was empty.

Dungeon Overview and Level Annotations

Branches:
Dungeon (4/15)
 Temple: D:4-7

Altars:
Hepliaklqana
Wu Jian


Innate Abilities, Weirdness & Mutations

You reflexively headbutt those who attack you in melee.
You have a pair of horns on your head.


Message History

The ogre hits you with a +0 giant club.
You hit the ogre but do no damage. You hit the ogre but do no damage.
The ogre barely misses you.
You slash the ogre!
The ogre is moderately wounded.
The ogre hits you with a +0 giant club!!
You hit the ogre but do no damage.
The ogre is moderately wounded.
The ogre hits you with a +0 giant club!
* * * LOW HITPOINT WARNING * * *
A red film seems to cover your vision as you go berserk!
You feel yourself moving faster!
You feel mighty! The ogre hits you with a +0 giant club!
* * * LOW HITPOINT WARNING * * *
You slash the ogre!
The ogre is heavily wounded.
Your chain mail prevents you from hitting the ogre.
The ogre is heavily wounded.
The ogre hits you with a +0 giant club!!
You die...

.......##
#.......##
........
#####....<.
#.........##
.......[...# #
#......O$..#.#.
#......@.......
##.............
##..#..######.
#.###.####
#.......<#
#..#..........#
....
#..##....#.#
........##..#.#
.. #...##....##


You could see an ogre.

Vanquished Creatures
  A centaur zombie (D:3)
  A worker ant (D:3)
  5 adders
  An ooze (D:2)
  2 worms
  3 dart slugs (D:1)
  2 leopard geckos (D:2)
  9 orcs (D:3)
  4 giant cockroaches
  8 goblins
  7 hobgoblins
  2 jackals (D:1)
  A quokka (D:3)
  4 bats
  5 frilled lizards
  10 kobolds
  8 rats
73 creatures vanquished.

Notes
Turn   | Place    | Note
-------+----------+-------------------------------------------
     0 | D:1      | isidore the Minotaur Berserker began the quest for the Orb.
     0 | D:1      | Reached XP level 1. HP: 19/19 MP: 0/0
   282 | D:1      | Reached skill level 4 in Axes
   282 | D:1      | Reached XP level 2. HP: 27/27 MP: 1/1
   748 | D:1      | Reached XP level 3. HP: 33/33 MP: 2/2
   806 | D:1      | Reached ** piety under Trog
  1420 | D:2      | Reached XP level 4. HP: 41/41 MP: 3/3
  1683 | D:2      | Reached skill level 5 in Axes
  2183 | D:3      | Found a hazy altar of Hepliaklqana.
  2208 | D:3      | Reached XP level 5. HP: 37/47 MP: 4/4
  2416 | D:3      | Found an ornate altar of the Wu Jian Council.
  3081 | D:4      | Noticed an ogre
  3091 | D:4      | Demolished by an ogre

Illustrated notes

Levels and vault maps discovered:
D:1:      dpeg_arrival_erosion, layout_loops_corners, minmay_door_square
D:2:      layout_basic
D:3:      layout_basic, grunt_temple_overflow_open, minmay_misc_feat_square,
          roderic_roman_lattice
D:4:      layout_cave_pools, kennysheep_okawaru_gauntlet,
          gammafunk_temple_overflow_claw, minmay_temple_entry_enclosed_plants,
          serial_shops, shop, gup_sewer_entry_pipe, uniq_eustachio,
          uniq_crazy_yiuf_cottage

Skill      XL: |  1  2  3  4 |
---------------+-------------+-----
Axes           | 4 5 |  5.6
Fighting       | 4 |  4.8
Armour         | 3 |  3.7
Dodging        | |  2.7
Stealth        | |  0.6

Action                   |  1- 3 |  4- 6 || total
-------------------------+-------+-------++-------
Melee: Hand axe          |    93 |    83 ||   176
       Headbutt          |    15 |    12 ||    27
Invok: Berserk           |       |     2 ||     2
  Use: Scroll            |     2 |       ||     2
Armor: Chain mail        |    69 |    50 ||   119
Dodge: Dodged            |    37 |    29 ||    66

Table legend: (Time is in decaauts)
 A = Elapsed time spent in this place.
 B = Non-inter-level travel time spent in this place.
 C = Inter-level travel time spent in this place.
 D = Time resting spent in this place.
 E = Time spent auto-exploring this place.
 F = Levels seen in this place.
 G = Mean time per level.
                   A        B        C        D        E       F      G
               +--------+--------+--------+--------+--------+-----+--------+
         Total |   3115 |   3115 |      0 |    643 |    799 |   4 |  778.8 |
       Dungeon |   3115 |   3115 |      0 |    643 |    799 |   4 |  778.8 |
               +--------+--------+--------+--------+--------+-----+--------+

Top non-repeatable levels by time:
     D:1: 1195 daAuts
     D:3: 1141 daAuts
     D:2: 766 daAuts
     D:4: 12 daAuts
